AoeStats
← Proverbial Monkey

Arena

508795808Analyzed
3v3 RM · 9d ago on Sep 24, 2026· 55m 49s· 6 players
Game mode
Random Map
Map size
Normal (6 player)
Population
200
Speed
Normal
Resources
Standard
Victory
Conquest
Starting age
Dark Age
Ending age
Imperial Age
RankedLock teamsTeams togetherTeam positionsShared explorationLock speedFull tech treeHidden civsTurbo modeCheats
Victory
Defeat
🇨🇴 Teutons · Colombia
781
+17
🇨🇴 Vikings · Colombia
778
+17
🇨🇴 Spanish · Colombia
777
+17
🇲🇽 Saxons · Mexico
826
-19
🇲🇽 Danes · Mexico
808
-17
🇲🇽 Saxons · Mexico
754
-15
Loudlobo
11:55 Feudal Age
17:49 Castle Age
15:55 Double-Bit Axe
16:02 Horse Collar
19:11 Bow Saw
19:03 Heavy Plow
20:09 Stone Mining
21:02 Loom
21:45 Man-at-Arms
22:27 Squires
24:20 Forging
24:02 Fletching
24:12 Padded Archer Armor
25:37 Gold Mining
25:59 Pikeman
27:31 Crossbowman
29:17 Gold Shaft Mining
30:21 Iron Casting
29:44 Long Swordsman
31:31 Elite Skirmisher
33:44 Bodkin Arrow
34:04 Leather Archer Armor
39:41 Scale Mail Armor
43:59 Imperial Age
44:35 Ballistics
43:57 Treadmill Crane
44:06 Capped Ram
44:17 Two-Handed Swordsman
45:03 Arbalester
47:42 Elite Berserk
48:43 Conscription
50:16 Siege Ram
52:17 Chieftains
52:21 Bracer
53:22 Blast Furnace
52:38 Chain Mail Armor
52:54 Ring Archer Armor
54:00 Chemistry
55:25 Crop Rotation
55:03 Scale Barding Armor
betezo
1:08 Loom
11:38 Feudal Age
12:19 Double-Bit Axe
12:22 Town Watch
13:12 Wheelbarrow
16:29 Fletching
21:57 Castle Age
19:51 Horse Collar
21:10 Stone Mining
23:24 Bow Saw
23:17 Bodkin Arrow
25:32 Scale Barding Armor
25:56 Gold Mining
32:18 Hand Cart
38:30 Bloodlines
39:09 Forging
39:20 Chain Barding Armor
40:32 Crossbowman
44:32 Stone Shaft Mining
44:26 Masonry
45:45 Iron Casting
45:10 Scale Mail Armor
47:02 Padded Archer Armor
49:30 Town Patrol
51:38 Elite Skirmisher
56:18 Imperial Age
55:06 Chain Mail Armor
55:07 Leather Archer Armor
JuanCamilo0911
17:10 Feudal Age
15:26 Loom
20:51 Wheelbarrow
19:47 Man-at-Arms
20:13 Arson
23:08 Castle Age
21:09 Double-Bit Axe
21:08 Horse Collar
22:20 Stone Mining
25:03 Long Swordsman
25:28 Gambesons
26:10 Pikeman
34:09 Imperial Age
32:18 Fletching
42:53 Scale Mail Armor
42:59 Two-Handed Swordsman
50:14 Murder Holes
50:48 Champion
Party Nando
4:29 Loom
11:19 Feudal Age
15:43 Double-Bit Axe
15:40 Horse Collar
21:08 Castle Age
20:09 Stone Mining
21:16 Forging
21:08 Scale Mail Armor
21:20 Gold Mining
21:13 Pikeman
26:14 Chain Mail Armor
27:53 Iron Casting
34:31 Imperial Age
45:50 Elite Varangian Guard
52:47 Halberdier
TeGoat95
10:08 Feudal Age
10:59 Double-Bit Axe
13:04 Horse Collar
17:37 Castle Age
18:33 Stone Mining
19:12 Gold Mining
19:48 Caravan
24:50 Gold Shaft Mining
25:37 Bow Saw
26:31 Wheelbarrow
31:59 Imperial Age
32:44 Elite Varangian Guard
33:41 Forging
33:32 Scale Mail Armor
42:59 Elite Hearth Troop
44:58 Iron Casting
44:38 Chain Mail Armor
51:49 Arson
51:53 Gambesons
52:08 Squires
Proverbial Monkey
5:07 Loom
11:07 Feudal Age
16:21 Castle Age
14:35 Double-Bit Axe
16:04 Fletching
18:29 Horse Collar
21:11 Wheelbarrow
21:06 Bow Saw
22:17 Crossbowman
25:47 Padded Archer Armor
27:37 Thumb Ring
29:32 Bodkin Arrow
34:04 Hand Cart
33:39 Town Watch
34:28 Ballistics
34:19 Masonry
35:45 Gold Mining
45:05 Imperial Age
43:13 Leather Archer Armor
46:30 Imperial Age
44:03 Town Patrol
44:54 Gold Shaft Mining
44:10 Stone Mining
47:12 Elite Varangian Guard
49:35 Gambesons
49:51 Squires
53:57 Bracer
54:03 Scale Barding Armor
54:09 Forging
Connection lost

Rejoining the realm…

Still unreachable

The connection could not be restored.

Session expired

The server has moved on; the page needs a fresh start.